 Dungeon Crawl Stone Soup version 0.26.0-90-g5fd8617961 (webtiles) character file.

Game seed: 10580275456949074346

82 Gadfly the Cudgeller (level 4, -2/44 HPs)
             Began as an Ogre Gladiator on Feb 2, 2021.
             Slain by an orc
             ... wielding a +0 flail
              (10 damage)
             ... on level 2 of the Dungeon.
             The game lasted 00:03:53 (3181 turns).

Gadfly the Cudgeller (Ogre Gladiator)               Turns: 3181, Time: 00:03:54

Health: -2/44      AC:  5    Str: 19    XL:     4   Next: 43%
Magic:  5/5        EV: 10    Int:  9    God:
Gold:   218        SH:  0    Dex: 10    Spells: 3/3 levels left

rFire    . . .     SeeInvis .   b - +2 dagger (venom)
rCold    . . .     Faith    .   (no shield)
rNeg     . . .     Spirit   .   i - +0 robe
rPois    .         Reflect  .   c - +1 hat
rElec    .         Harm     .   n - +0 cloak
rCorr    .         Rampage  .   (gloves unavailable)
Will     .....                  (boots unavailable)
Stlth    +.........             (no amulet)
HPRegen  0.14/turn              (no ring)
MPRegen  0.09/turn              (no ring)

@: no status effects
A: large, unfitting armour, tough skin 1
a: no special abilities


You were on level 2 of the Dungeon.
You visited 1 branch of the dungeon, and saw 3 of its levels.

You collected 218 gold pieces.

Inventory:

Hand Weapons
 a - a +0 flail
 b - a +2 dagger of venom (weapon)
Missiles
 d - 4 throwing nets
 e - 95 stones (quivered)
Armour
 c - a +1 hat (worn)
 i - a +0 robe (worn)
 n - a +0 cloak (worn)
Scrolls
 f - a scroll of random uselessness {unknown}
 l - a scroll of remove curse
 m - a scroll of fear
Potions
 g - a potion of resistance
 h - 2 potions of curing
 k - a potion of heal wounds


   Skills:
 - Level 2.6 Fighting
 + Level 3.0 Maces & Flails
 + Level 2.3 Throwing
 * Level 1.3 Armour
 - Level 2.6 Dodging
 * Level 1.9 Invocations
 * Level 1.4 Evocations


You had 3 spell levels left.
You didn't know any spells.
Your spell library was empty.

Dungeon Overview and Level Annotations

Branches:
Dungeon (3/15)

Altars:
Cheibriados


Innate Abilities, Weirdness & Mutations

You are too large for most types of armour.
You have tough skin. (AC +1)


Message History

The gnoll looks more healthy.
The gnoll hits you but does no damage.
There is a stone staircase leading up here.
The gnoll completely misses you. The gnoll barely misses you.
There is a stone staircase leading up here.
You barely miss the gnoll.
The gnoll is almost dead.
The kobold hits you but does no damage. The gnoll hits you with a +0 spear.
You hit the gnoll but do no damage.
The gnoll is almost dead.
The kobold hits you.
* * * LOW HITPOINT WARNING * * *
The gnoll hits you but does no damage. The orc barely misses you.
The kobold hits you but does no damage. The gnoll hits you with a +0 spear.
* * * LOW HITPOINT WARNING * * *
You climb upwards.
There is a stone staircase leading down, spattered with blood here.
The orc hits you with a +0 flail!
You die...

.# #....###.######..#### .#
##...#........#...... .#
#...#.#......#...### .#
#...#.########...#.. .#
#...#............... .##
#...#.###...........
..#############K.................
.?'...........g>o.###'###........
..##############@.# #.# #........
..# #..###.###........ ..#
#..+.._..'........ ..#
#..#######..###### ### #..# ###
#..# #..#######..# ##
##..........# .# ############ .#


You could see a gnoll, an orc and a kobold.

Vanquished Creatures
  2 adders (D:2)
  A gnoll (D:3)
  2 worms (D:2)
  2 leopard geckos
  A ball python (D:2)
  A giant cockroach (D:1)
  5 goblins
  9 hobgoblins
  2 bats
  6 frilled lizards
  11 kobolds
  6 rats (D:1)
48 creatures vanquished.

Notes
Turn   | Place    | Note
-------+----------+-------------------------------------------
     0 | D:1      | Gadfly the Ogre Gladiator began the quest for the Orb.
     0 | D:1      | Reached XP level 1. HP: 22/22 MP: 1/1
   357 | D:1      | Reached XP level 2. HP: 29/29 MP: 2/2
   706 | D:1      | Reached skill level 1 in Invocations
  1426 | D:1      | Reached XP level 3. HP: 34/36 MP: 3/3
  1521 | D:1      | Reached skill level 1 in Evocations
  1809 | D:2      | Reached skill level 1 in Armour
  2463 | D:2      | Reached skill level 3 in Maces & Flails
  2463 | D:2      | Reached XP level 4. HP: 38/44 MP: 5/5
  2694 | D:2      | Found a snail-covered altar of Cheibriados.
  3181 | D:2      | Slain by an orc

Illustrated notes

Levels and vault maps discovered:
D:1:      nicolae_arrival_memento_mori, layout_basic
D:2:      layout_basic, lemuel_doored_altar
D:3:      layout_rooms, serial_curves, eino_curves_03, eino_curves_03,
          eino_curves_04, eino_curves_04

Skill      XL: |  1  2  3 |
---------------+----------+-----
Invocations    | 1 |  1.9
Evocations     | 1 |  1.4
Armour         | 1 |  1.3
Maces & Flails | 3 |  3.0
Fighting       | |  2.6
Throwing       | |  2.3
Dodging        | |  2.6

Action                   |  1- 3 |  4- 6 || total
-------------------------+-------+-------++-------
Melee: Flail             |    84 |       ||    84
       Dagger            |    45 |    28 ||    73
Throw: Throwing net      |     1 |       ||     1
       Stone             |    11 |       ||    11
  Use: Scroll            |     4 |     4 ||     8
 Stab: Sleeping          |     1 |       ||     1
Armor: Robe              |    27 |    14 ||    41
Dodge: Dodged            |    80 |    25 ||   105
